 Dungeon Crawl Stone Soup version 0.31-a0-702-gf82c85558f (webtiles) character file.

Game seed: 5459336309483520466

641 qw the Shooter (level 7, 0/43 HPs)
             Began as a Gargoyle Hunter on Sept 7, 2023.
             Slain by an iguana (3 damage)
             ... on level 5 of the Dungeon.
             The game lasted 00:01:37 (4125 turns).

qw the Shooter (Gargoyle Hunter)                    Turns: 4125, Time: 00:01:38

Health: 0/43       AC: 11    Str: 15    XL:     7   Next: 51%
Magic:  7/7        EV: 11    Int:  9    God:
Gold:   353        SH:  0    Dex: 15    Spells: 6/6 levels left

rFire   . . .        Y - +1 shortbow
rCold   . . .        (shield currently unavailable)
rNeg    + . .        d - +0 ring mail
rPois   inf          (no helmet)
rElec   +            (no cloak)
rCorr   +            f - +0 pair of gloves
SInv    .            (no boots)
Will    .....        (no amulet)
Stlth   +            b - ring of resist corrosion
HPRegen 0.27/turn    (no ring)
MPRegen 0.10/turn

%: no passive effects
@: no status effects
A: sickness immunity, AC +4, negative energy resistance 1, electricity
resistance, torment resistance 1, petrification resistance
a: no special abilities


You were on level 5 of the Dungeon.
You visited 1 branch of the dungeon, and saw 5 of its levels.
You also visited: Sewer.

You collected 353 gold pieces.


Innate Abilities, Weirdness & Mutations

You are immune to sickness and miasma.
Your stone body is resilient. (AC +4)
You are immune to poison.
You resist negative energy. (rN+)
You are resistant to electric shocks. (rElec)
You are resistant to unholy torment.
You are immune to petrification.


   Skills:
 - Level 4.0 Fighting
 + Level 7.8 Ranged Weapons
 - Level 2.8 Armour
 - Level 1.5 Dodging
 - Level 1.1 Stealth


You had 6 spell levels left.
You didn't know any spells.
Your spell library was empty.

Inventory:

Hand Weapons
 Y - a +1 shortbow (weapon)
Armour
 d - a +0 ring mail (worn)
 f - a +0 pair of gloves (worn)
Jewellery
 b - a ring of resist corrosion (left hand)
Scrolls
 c - 2 scrolls of identify
Potions
 g - a potion of might
 h - 3 potions of mutation
 i - a potion of heal wounds {unknown}
 j - a potion of curing {unknown}
 l - 5 potions of enlightenment
 m - a potion of cancellation {unknown}

Dungeon Overview and Level Annotations

Branches:
Dungeon (5/15)              Sewer (visited)
 Temple: D:4-7

Altars:
Makhleb
Trog

Annotations:
D:3 1 runed translucent door, qw's ghost, amateur GrHu


Message History

You shoot an arrow. The arrow hits the black bear.
The black bear is moderately wounded.
The black bear closely misses you. The black bear barely misses you.
The black bear claws you but does no damage.
You shoot an arrow. The arrow hits the black bear!
The black bear is heavily wounded.
The black bear closely misses you.
The black bear claws you but does no damage. x2
You shoot an arrow. The arrow hits the black bear.
The black bear is severely wounded.
The black bear closely misses you. The black bear barely misses you.
The black bear claws you.
You shoot an arrow. The arrow hits the black bear.
The black bear is almost dead.
The black bear bites you.
The black bear claws you but does no damage. x2
You shoot an arrow. The arrow hits the black bear.
The black bear is almost dead.
The black bear bites you but does no damage.
The black bear misses you. The black bear claws you.
You shoot an arrow. The arrow hits the black bear.
You kill the black bear!
You shoot an arrow. The arrow hits the iguana.
The iguana is moderately wounded.
The iguana closely misses you.
You shoot an arrow.
The arrow hits the iguana but does no damage.
The iguana is moderately wounded.
The iguana closely misses you.
You shoot an arrow.
The arrow hits the iguana but does no damage.
The iguana is moderately wounded.
The iguana bites you but does no damage.
You shoot an arrow. The arrow hits the iguana.
The iguana is heavily wounded.
The iguana barely misses you.
You shoot an arrow. The arrow hits the iguana!
The iguana is almost dead.
The iguana bites you.
You die...

.# .# ._l.[.# .##.
##.....# ##... ##.l..#
#... #..# #.. ##.##
#.# ## .##%.# ###.#
#...##%## ### ....###
#.#...l####.....
.#....####...###@....#
.##.#.......####.#####
. #.#.#.###.#....#
.##...#.......####
#...........###
#...#.#####..# ..###.#
##......# ......#
#####.. ...####


You could see an iguana.

Vanquished Creatures
  An ice beast (D:5)
  A black bear (D:5)
  An ogre (D:5)
  A phantom (D:4)
  A scorpion (D:5)
  A gnoll (D:1)
  8 adders
  3 river rats (Sewer)
  2 worms
  4 dart slugs
  4 orcs
  14 ball pythons
  3 endoplasms
  5 giant cockroaches
  11 goblins
  9 hobgoblins
  11 jackals
  4 quokkas
  12 bats
  9 frilled lizards
  7 kobolds
  8 rats
120 creatures vanquished.

Notes
Turn   | Place    | Note
-------+----------+-------------------------------------------
     0 | D:1      | qw the Gargoyle Hunter began the quest for the Orb.
     0 | D:1      | Reached XP level 1. HP: 12/12 MP: 1/1
     0 | D:1      | 0 ||| qw: Version: 0.3-a-76-g4403597
     0 | D:1      | 0 ||| qw: Game counter: 842
     0 | D:1      | 0 ||| qw: Melee chars always use a shield: true
     0 | D:1      | 0 ||| qw: God list: Okawaru
     0 | D:1      | 0 ||| qw: Allow faded altars: false
     0 | D:1      | 0 ||| qw: Do Orc after clearing Dungeon:15 true
     0 | D:1      | 0 ||| qw: Do second Lair branch before Depths: true
     0 | D:1      | 0 ||| qw: Lair rune preference: random
     0 | D:1      | 0 ||| qw: Goals: Normal
     0 | D:1      | 0 ||| PLANNING D:1-11
    87 | D:1      | Reached XP level 2. HP: 17/17 MP: 2/2
   208 | D:1      | Reached XP level 3. HP: 21/21 MP: 3/3
   277 | D:1      | Reached skill level 5 in Ranged Weapons
   396 | D:1      | 396 ||| READING scroll labelled AXTO HORHE.
   497 | D:1      | 497 ||| READING scroll labelled ONGISO KUZU.
   498 | D:1      | 498 ||| DROPPING scroll of butterflies.
   530 | D:2      | 530 ||| STAIRDANCE
   794 | D:2      | Found a faded altar of an unknown god.
   979 | D:2      | Reached skill level 3 in Fighting
  1221 | D:2      | Reached XP level 4. HP: 28/28 MP: 4/4
  1278 | D:2      | 1278 ||| UPGRADING to +0 pair of gloves.
  1283 | D:2      | 1283 ||| UPGRADING to ring of resist corrosion.
  1284 | D:2      | 1284 ||| READING scroll labelled ANOMYO HO RONK.
  1285 | D:2      | 1285 ||| READING scroll labelled BYNUKI SIYGIE.
  1286 | D:2      | 1286 ||| DRINKING 2 bubbling golden potions.
  1319 | D:2      | 1319 ||| DROPPING potion of lignification.
  1718 | D:3      | Found a runed translucent door.
  1719 | D:3      | Noticed qw's ghost (amateur GrHu)
  1969 | D:3      | 1969 ||| UPGRADING to +0 ring mail.
  1979 | D:3      | 1979 ||| DROPPING +0 leather armour.
  1980 | D:3      | 1980 ||| READING 2 scrolls labelled MEREOT ECWUAWKUARPH.
  1981 | D:3      | 1981 ||| READING scroll labelled JUTZAMMEPHI.
  1982 | D:3      | 1982 ||| READING scroll labelled MUETZO JIREIJI.
  1983 | D:3      | 1983 ||| DROPPING scroll of poison.
  2004 | D:4      | 2004 ||| PLANNING SEWER
  2023 | D:4      | Noticed a phantom
  2045 | D:4      | Killed a phantom
  2046 | D:4      | Reached XP level 5. HP: 11/32 MP: 5/5
  2573 | D:4      | Found a glowing drain.
  2574 | D:4      | 2574 ||| READING scroll labelled ASICKI EBUJIFO.
  2575 | D:4      | 2575 ||| DRINKING 2 purple potions.
  2584 | Sewer    | Entered a sewer
  2655 | Sewer    | 2655 ||| Stepping ~*~*~tactically~*~*~ (water).
  2657 | Sewer    | 2657 ||| Stepping ~*~*~tactically~*~*~ (water).
  2719 | Sewer    | Reached skill level 6 in Ranged Weapons
  2726 | Sewer    | 2726 ||| Stepping ~*~*~tactically~*~*~ (water).
  2776 | Sewer    | Reached XP level 6. HP: 37/37 MP: 6/6
  2857 | Sewer    | 2857 ||| Stepping ~*~*~tactically~*~*~ (water).
  3227 | Sewer    | 3227 ||| READING scroll labelled AFON ZATEPNUN.
  3230 | Sewer    | 3230 ||| READING 3 scrolls of identify.
  3230 | Sewer    | 3230 ||| IDENTIFYING bubbling amethyst potion
  3231 | Sewer    | 3231 ||| READING 2 scrolls of identify.
  3231 | Sewer    | 3231 ||| IDENTIFYING bubbling blue potion
  3232 | Sewer    | 3232 ||| DROPPING potion of degeneration.
  3233 | Sewer    | 3233 ||| DROPPING potion of attraction.
  3256 | D:4      | 3256 ||| PLANNING D:1-11
  3664 | D:4      | Found a bloodstained altar of Trog.
  4012 | D:5      | Entered Level 5 of the Dungeon
  4061 | D:5      | Noticed an ice beast
  4075 | D:5      | Killed an ice beast
  4076 | D:5      | Reached skill level 7 in Ranged Weapons
  4076 | D:5      | Reached XP level 7. HP: 43/43 MP: 7/7
  4081 | D:5      | Found a burning altar of Makhleb.
  4106 | D:5      | 4106 ||| Stepping ~*~*~tactically~*~*~ (retreating).
  4106 | D:5      | HP: 7/43 [ogre/+0 giant club (18)]
  4107 | D:5      | 4107 ||| Stepping ~*~*~tactically~*~*~ (retreating).
  4108 | D:5      | 4108 ||| Stepping ~*~*~tactically~*~*~ (retreating).
  4109 | D:5      | 4109 ||| Stepping ~*~*~tactically~*~*~ (retreating).
  4112 | D:5      | 4112 ||| Stepping ~*~*~tactically~*~*~ (retreating).
  4117 | D:5      | HP: 9/43 [black bear (1)]
  4118 | D:5      | HP: 4/43 [black bear (5)]
  4125 | D:5      | Slain by an iguana

Levels and vault maps discovered:
D:1:      dpeg_arrival_rooms_c, layout_rooms
D:2:      layout_loops_corners, ebering_ecumenical_altar_hall,
          nicolae_elevator_lobby_asterisk
D:3:      layout_rooms, ebering_ghost_reflecting_pool
D:4:      layout_layer_cave, kennysheep_mini, cheibrodos_sewer_entry_drain,
          serial_bayou_ford_a, grunt_ministairs_13
D:5:      layout_rooms, bloody_makhleb, serial_shops, shop

Skill      XL: |  1  2  3  4  5  6 |
---------------+-------------------+-----
Ranged Weapons | 5 6 7 |  7.8
Fighting       | 3 4 |  4.0
Armour         | 2 |  2.8
Dodging        | |  1.5
Stealth        | |  1.1

Action                     |  1- 3 |  4- 6 |  7- 9 || total
---------------------------+-------+-------+-------++-------
   Fire: Shortbow          |   119 |   269 |    33 ||   421
    Use: Scroll            |     2 |     9 |       ||    11
         Potion            |       |     2 |       ||     2
 Armour: Leather armour    |    27 |    19 |       ||    46
         Ring mail         |       |   120 |    20 ||   140
  Dodge: Dodged            |    26 |   156 |    21 ||   203

Table legend:
 A = Non-vault XP
 B = Vault XP
 C = Vault XP percentage of total XP
 D = Non-vault monster count
 E = Vault monster count
 F = Vault count percentage of total count
                 A         B        C        D         E       F
            +---------+---------+-------+---------+---------+-------
      Total |     749 |     167 |  18.2 |      84 |      36 |  30.0
            +---------+---------+-------+---------+---------+-------
        D:1 |      44 |       0 |   0.0 |      20 |       0 |   0.0
        D:2 |      51 |       0 |   0.0 |      22 |       0 |   0.0
        D:3 |      45 |       0 |   0.0 |      22 |       0 |   0.0
        D:4 |     143 |       6 |   4.0 |      13 |       3 |  18.8
        D:5 |     466 |       0 |   0.0 |       7 |       0 |   0.0
      Sewer |       0 |     161 | 100.0 |       0 |      33 | 100.0
            +---------+---------+-------+---------+---------+-------
